[Event "Early-Titled-Tuesday-Blitz-July-09-2024"]
[Site "Chess.com"]
[Date "2024.07.09"]
[Round "4"]
[White "chessbaerchen"]
[Black "ilovejokes555"]
[Result "1-0"]
[WhiteElo "2652"]
[BlackElo "2332"]
[TimeControl "180+1"]
[EndTime "8:38:25 PDT"]
[Termination "chessbaerchen won by resignation"]

1. e4 c5 2. Nf3 d6 3. d4 cxd4 4. Nxd4 Nf6 5. Nc3 a6 6. f3 e5 7. Nb3 Be6 8. Be3 Be7 9. Qd2 Nbd7 10. g4 Rc8 11. O-O-O b5 12. g5 b4 13. Na4 Nh5 14. Bxa6 Ra8 15. Bb5 O-O 16. Kb1 Qb8 17. Bxd7 Bxd7 18.
Nb6 Ra7 19. Nd5 Bd8 20. Bxa7 Qxa7 21. Nxb4 Nf4 22. h4 Be7 23. Nd5 Nxd5 24. Qxd5 Be6 25. Qd3 Rc8 26. a3 Bc4 27. Qc3 Qf2 28. Nd2 Be6 29.
Qd3 Rb8 30. Rdf1 Qc5 31. c4 Bd8 32. Rc1 Ba5 33. Nb3 Qf2 34. Rc2 Qb6 35. Nxa5 Qxa5 36. Qxd6 Rd8 37. Qb4 Qc7 38. Rd2 Rb8 39. Qd6 Qb7 40.
Qd8+ 1-0

[Event "Early-Titled-Tuesday-Blitz-July-09-2024"]
[Site "Chess.com"]
[Date "2024.07.09"]
[Round "4"]
[White "jamengrand"]
[Black "NikFil2013"]
[Result "0-1"]
[WhiteElo "2257"]
[BlackElo "2381"]
[TimeControl "180+1"]
[EndTime "8:38:25 PDT"]
[Termination "NikFil2013 won by resignation"]

1. e4 c5 2. Nf3 d6 3. d4 cxd4 4. Nxd4 Nf6 5. Nc3 a6 6. Bd3 e5 7. Nde2 Be7 8. O-O Nc6 9. Ng3 O-O 10. f4 b5 11. Nd5 Be6 12. c3 h6 13. Nxe7+ Qxe7 14. fxe5 dxe5 15. Nf5 Bxf5 16. Rxf5 Rad8 17. Qf3 Rd6 18.
a4 Rfd8 19. Bf1 Na5 20. axb5 Nb3 21. Rxa6 Nxc1 22. Qe3 Rd1 23. Ra7 Ng4 24. Qb6 Ne2+ 25. Kh1 Qh4 26. Qg1 Nxg1 0-1

[Event "Early-Titled-Tuesday-Blitz-July-09-2024"]
[Site "Chess.com"]
[Date "2024.07.09"]
[Round "4"]
[White "Sofia_Blokhin"]
[Black "Pachonpower"]
[Result "0-1"]
[WhiteElo "2191"]
[BlackElo "2459"]
[TimeControl "180+1"]
[EndTime "8:38:25 PDT"]
[Termination "Pachonpower won on time"]

1. d4 e6 2. c4 f5 3. Nc3 Bb4 4. g3 Nf6 5. Bg2 c6 6. Nh3 O-O 7. O-O Qe8 8. Nf4 d5 9. a3 Bxc3 10.
bxc3 Ne4 11. cxd5 exd5 12. Qc2 Nd7 13. Nd3 Nb6 14. f3 Nd6 15. Ne5 Nbc4 16. Bf4 Nxe5 17. Bxe5 Nc4 18. Bf4 h6 19. e4 g5 20. Bc1 Be6 21.
e5 f4 22. g4 Bf7 23. Re1 Bg6 24. Qd1 a5 25. Bf1 a4 26. Bd3 b5 27. Qc2 Bxd3 28. Qxd3 Qe6 29. h4 gxh4 30. Kh2 Ra7 31. Rh1 Rg7 32. Kg2 h5 33. Rxh4 hxg4 34. fxg4 Rxg4+ 35.
Rxg4+ Qxg4+ 36. Kf2 f3 37. Qf1 Qh4+ 38. Kg1 Qg3+ 39.
Kh1 Rf7 40. Bh6 Rh7 0-1

[Event "Early-Titled-Tuesday-Blitz-July-09-2024"]
[Site "Chess.com"]
[Date "2024.07.09"]
[Round "4"]
[White "michaelskie11"]
[Black "amanjazu"]
[Result "1-0"]
[WhiteElo "2402"]
[BlackElo "2584"]
[TimeControl "180+1"]
[EndTime "8:38:26 PDT"]
[Termination "michaelskie11 won by resignation"]

1. d4 c5 2. d5 Nf6 3. Nc3 d6 4. e4 g6 5. f4 Bg7 6. e5 dxe5 7.
fxe5 Ng4 8. e6 Bxe6 9. dxe6 Bxc3+ 10. bxc3 Qxd1+ 11. Kxd1 Nf2+ 12. Ke1 Nxh1 13. g3 Nc6 14.
Bg2 Nxg3 15. hxg3 f6 16. Be3 Kd8 17. Rd1+ Kc8 18. Bxc5 Rd8 19. Bd5 Kc7 20. c4 h5 21.
Ne2 g5 22. Nc3 Rac8 23. Nb5+ Kb8 24. Rb1 a6 25. Na7 Rxd5 26. cxd5 Nxa7 27. Bxe7 Rxc2 28.
d6 Nc6 29. Bxf6 Rc4 30. Kf2 Kc8 31. d7+ Kc7 32. Rd1 Nd8 33. Bxd8+ 1-0

[Event "Early-Titled-Tuesday-Blitz-July-09-2024"]
[Site "Chess.com"]
[Date "2024.07.09"]
[Round "4"]
[White "el008"]
[Black "Sawatdeekhrap"]
[Result "0-1"]
[WhiteElo "2548"]
[BlackElo "2763"]
[TimeControl "180+1"]
[EndTime "8:38:27 PDT"]
[Termination "Sawatdeekhrap won by checkmate"]

1. e4 c5 2. Nf3 e6 3. b3 a6 4.
Bb2 Nc6 5. h3 Nge7 6. Nc3 d6 7.
g4 Ng6 8. d4 cxd4 9. Nxd4 e5 10. Nde2 Be7 11. Nd5 O-O 12. Ng3 Bg5 13. Be2 Be6 14.
c4 b5 15. O-O bxc4 16. Bxc4 Nce7 17. Nf5 Nxd5 18. Bxd5 Nf4 19. Bxa8 Qxa8 20. Qf3 Bxf5 21. gxf5 Re8 22. Rfd1 d5 23. exd5 e4 24. Qg4 h5 25.
Qxf4 Bxf4 26. Kg2 e3 27. Kf3 e2 28. Rg1 Be5 29. Bxe5 Rxe5 30. f6 Qxd5+ 31. Kg3 Rg5+ 32. Kh2 Rxg1 33. Rxg1 Qe5+ 34. f4 Qxf4+ 35. Kg2 Qxf6 36.
Re1 Qb2 37. Kf3 Qxa2 38. b4 Qb3+ 39. Kxe2 Qxb4 40. Rd1 Qf4 41. Rd3 Qe4+ 42. Re3 Qxe3+ 43. Kxe3 Kh7 44. h4 Kg6 45. Kf4 a5 46. Ke5 a4 47.
Kd6 a3 48. Ke7 a2 49. Kf8 a1=Q 50. Ke7 Qe5+ 51. Kf8 Qe4 52. Kg8 Qe8# 0-1

[Event "Early-Titled-Tuesday-Blitz-July-09-2024"]
[Site "Chess.com"]
[Date "2024.07.09"]
[Round "4"]
[White "djano"]
[Black "Irina_Mikhaylova"]
[Result "1-0"]
[WhiteElo "2604"]
[BlackElo "2391"]
[TimeControl "180+1"]
[EndTime "8:38:29 PDT"]
[Termination "djano won by resignation"]

1. Nc3 c5 2. e4 Nc6 3. f4 e6 4.
Nf3 Nf6 5. Bb5 Nd4 6. e5 Nxb5 7. Nxb5 Nd5 8. O-O Be7 9. c4 Nc7 10. Nd6+ Bxd6 11. exd6 Na6 12. d4 O-O 13. Be3 b6 14. d5 Bb7 15. dxe6 fxe6 16. Qd2 Nb4 17. a3 Nc6 18. b4 cxb4 19. axb4 a5 20. bxa5 bxa5 21.
Rfb1 Ba6 22. c5 Bc4 23. Ng5 Bd5 24. Qd3 g6 25. Bd2 Qe8 26. Rb7 h6 27. Nh3 Kh7 28.
Bc3 Rb8 29. Rab1 Qf7 30. Ng5+ hxg5 31. Qh3+ 1-0

[Event "Early-Titled-Tuesday-Blitz-July-09-2024"]
[Site "Chess.com"]
[Date "2024.07.09"]
[Round "4"]
[White "Beca95"]
[Black "Alex_Sahakyan2006"]
[Result "1-0"]
[WhiteElo "2991"]
[BlackElo "2744"]
[TimeControl "180+1"]
[EndTime "8:38:30 PDT"]
[Termination "Beca95 won by resignation"]

1. Nf3 Nf6 2. c4 g6 3. Nc3 Bg7 4. e4 e5 5. Nxe5 O-O 6. d3 Re8 7. Nf3 d5 8. cxd5 Nxd5 9. Bd2 Nb4 10. Be3 Bg4 11. a3 Bxf3 12. gxf3 N4c6 13. h4 Nd4 14. h5 Nbc6 15. Rc1 Ne5 16. Rh3 Qd7 17. f4 Ng4 18. hxg6 hxg6 19. Rg3 f5 20. Bh3 Nxe3 21.
fxe3 Ne6 22. Rxg6 Nc5 23. Ke2 Qf7 24. Bxf5 Rad8 25. d4 Nxe4 26. Bxe4 Rxe4 27. Rxg7+ Qxg7 28. Nxe4 Re8 29. Kd3 Qh7 30. Qh1 Kf8 1-0

[Event "Early-Titled-Tuesday-Blitz-July-09-2024"]
[Site "Chess.com"]
[Date "2024.07.09"]
[Round "4"]
[White "Kobalia"]
[Black "Dedic8"]
[Result "1-0"]
[WhiteElo "2808"]
[BlackElo "2967"]
[TimeControl "180+1"]
[EndTime "8:38:31 PDT"]
[Termination "Kobalia won by resignation"]

1. e4 c5 2. Nf3 d6 3. Bb5+ Bd7 4. Bxd7+ Qxd7 5. O-O Nc6 6. c3 Nf6 7. Qe2 e6 8. d4 cxd4 9. cxd4 d5 10. e5 Ne4 11.
Be3 Be7 12. Ne1 h6 13. f3 Ng5 14. Nd3 O-O 15. Nd2 Rac8 16. a3 f6 17. Rac1 fxe5 18. dxe5 d4 19. Bf2 Qd5 20. f4 Nf7 21. Qe4 Qxe4 22. Nxe4 b6 23. Rc4 Na5 24. Rxd4 Rcd8 25. Rd1 Nb3 26. Rxd8 Rxd8 27. Kf1 g5 28. g3 gxf4 29.
gxf4 h5 30. Ke1 Rc8 31. Nf6+ Bxf6 32. exf6 Rc4 33. Be3 Kh7 34. Ne5 Nxe5 35. fxe5 Re4 36. Rd7+ Kg8 37. Kf2 1-0

[Event "Early-Titled-Tuesday-Blitz-July-09-2024"]
[Site "Chess.com"]
[Date "2024.07.09"]
[Round "4"]
[White "Zheenbekov86"]
[Black "BashirovKemal"]
[Result "1-0"]
[WhiteElo "2476"]
[BlackElo "2670"]
[TimeControl "180+1"]
[EndTime "8:38:31 PDT"]
[Termination "Zheenbekov86 won by resignation"]

1. e4 e5 2. Nf3 Nf6 3. Nc3 Nc6 4. Bb5 Bb4 5. O-O O-O 6. Bxc6 dxc6 7. d3 Bd6 8. Ne2 Be6 9. Ng3 Re8 10. h3 Qd7 11.
Nh2 Rad8 12. f4 exf4 13. Bxf4 Bxf4 14. Rxf4 Qd4+ 15. Rf2 c5 16. b3 b5 17. Nf3 Qd7 18.
Qe1 c4 19. bxc4 bxc4 20. d4 Bd5 21. Ne5 Qb5 22. exd5 Qxd5 23. c3 Nd7 24. Qf1 Nxe5 25. dxe5 Rxe5 26. Nf5 Qc5 27. Nd4 f6 28. Re1 Rde8 29.
Rxe5 Rxe5 30. Kh1 Qa3 31. Re2 Qxc3 32. Rxe5 fxe5 33. Ne6 Qb4 34. Qf5 Qd6 35. Ng5 Qe7 36. Qxh7+ 1-0

[Event "Early-Titled-Tuesday-Blitz-July-09-2024"]
[Site "Chess.com"]
[Date "2024.07.09"]
[Round "4"]
[White "aquarium76"]
[Black "NikitaShnadrygin"]
[Result "1-0"]
[WhiteElo "3018"]
[BlackElo "2746"]
[TimeControl "180+1"]
[EndTime "8:38:33 PDT"]
[Termination "aquarium76 won by resignation"]

1. d4 d5 2. c4 Nc6 3. Nf3 Bg4 4. Nc3 e6 5. Bg5 Be7 6. Bxe7 Ngxe7 7. e3 O-O 8. cxd5 Nxd5 9. h3 Bh5 10. Be2 e5 11. Nxe5 Nxe5 12. Bxh5 Nc4 13. O-O Nxb2 14. Qb3 Nxc3 15. Qxb2 Nd5 16. Qxb7 Rb8 17. Qxa7 Rb6 18. Bf3 Qg5 19. Qa5 Rd8 20. e4 1-0

[Event "Early-Titled-Tuesday-Blitz-July-09-2024"]
[Site "Chess.com"]
[Date "2024.07.09"]
[Round "4"]
[White "nrvisakh"]
[Black "VacheH009"]
[Result "1-0"]
[WhiteElo "2919"]
[BlackElo "2524"]
[TimeControl "180+1"]
[EndTime "8:38:36 PDT"]
[Termination "nrvisakh won on time"]

1. d4 Nf6 2. Bg5 d5 3. e3 c5 4. Bxf6 gxf6 5. Nf3 e6 6. c4 dxc4 7. Bxc4 cxd4 8. Nxd4 Bd7 9. O-O Nc6 10. Nc3 a6 11. Nxc6 Bxc6 12. Qh5 Qe7 13. Rfd1 Bg7 14. e4 O-O 15. Rd3 Rad8 16. Rg3 Kh8 17. Re1 Rg8 18. Rh3 h6 19. Qe2 Rd4 20. Qe3 Rgd8 21. Bd5 e5 22. Rxh6+ Bxh6 23. Qxh6+ Kg8 24. Re3 1-0

[Event "Early-Titled-Tuesday-Blitz-July-09-2024"]
[Site "Chess.com"]
[Date "2024.07.09"]
[Round "4"]
[White "arenal72"]
[Black "ChessFighter_2011"]
[Result "0-1"]
[WhiteElo "2712"]
[BlackElo "2951"]
[TimeControl "180+1"]
[EndTime "8:38:38 PDT"]
[Termination "ChessFighter_2011 won by resignation"]

1. Nf3 Nf6 2. g3 g6 3. Bg2 Bg7 4. O-O O-O 5. d3 b6 6. e4 Bb7 7. c4 d6 8. Nc3 Nbd7 9. Be3 a6 10.
h3 e6 11. d4 Nxe4 12. Nxe4 Bxe4 13. a4 a5 14. Rc1 Rb8 15. Re1 Bb7 16. Qd2 Nf6 17. Bg5 Qd7 18. Qf4 Nh5 19. Qh4 f5 20.
d5 e5 21. g4 fxg4 22. hxg4 Nf4 23. Rc3 Rbe8 24. Re4 Qxa4 25. Bh6 Qd7 26. Ng5 Bxh6 27. Qxh6 Qg7 28. Qh4 h6 29. Nf3 g5 30. Qg3 Bc8 31. Bf1 Bd7 32. Nd2 Ng6 33. Rf3 Rf4 34. Bd3 Ref8 35.
Rexf4 exf4 36. Qh3 Ne5 37. Bf5 Bxf5 38. gxf5 g4 0-1

[Event "Early-Titled-Tuesday-Blitz-July-09-2024"]
[Site "Chess.com"]
[Date "2024.07.09"]
[Round "4"]
[White "Byniolus"]
[Black "Likvidator228"]
[Result "1-0"]
[WhiteElo "2792"]
[BlackElo "2561"]
[TimeControl "180+1"]
[EndTime "8:38:39 PDT"]
[Termination "Byniolus won by resignation"]

1. d4 d5 2. Nf3 Nf6 3. Bf4 c5 4.
c3 e6 5. e3 Nc6 6. Nbd2 Nh5 7.
Be5 f6 8. Bg3 Nxg3 9. hxg3 g6 10. Bd3 f5 11. g4 Qf6 12. gxf5 gxf5 13. Nh4 Bd7 14. Qh5+ Qf7 15. Ng6 Rg8 16. Nxf8 Kxf8 17. Qxf7+ Kxf7 18. Rxh7+ Rg7 19. Rxg7+ Kxg7 20. dxc5 a5 21. Ke2 e5 22. f4 d4 23. cxd4 exd4 24. Nc4 dxe3 25. Nd6 Kf6 26. Kxe3 Rg8 27. Kf2 Nb4 28.
Bc4 Rg4 29. g3 Bc6 30. Re1 Nd5 31. Re5 Nb4 32. Re6+ Kg7 33. Nxf5+ Kf8 34. Rh6 Bd5 35. Rh8+ Bg8 36. Nh6 Kg7 37. Rxg8+ 1-0

[Event "Early-Titled-Tuesday-Blitz-July-09-2024"]
[Site "Chess.com"]
[Date "2024.07.09"]
[Round "4"]
[White "KubaGepard"]
[Black "Sasha_Solovev_777"]
[Result "1-0"]
[WhiteElo "2650"]
[BlackElo "2303"]
[TimeControl "180+1"]
[EndTime "8:38:39 PDT"]
[Termination "KubaGepard won by resignation"]

1. d4 Nf6 2. Nf3 g6 3. g3 Bg7 4. Bg2 O-O 5. O-O d6 6. b3 Nbd7 7. Bb2 c6 8. Re1 Ne4 9. Nfd2 Nxd2 10. Nxd2 d5 11. e4 dxe4 12. Nxe4 Nf6 13. Nc5 Qc7 14. Qe2 e6 15. Rad1 b6 16. Nd3 Bb7 17. Ne5 Rfd8 18.
c4 Rac8 19. c5 b5 20. h4 Nd5 21. h5 Bxe5 22. dxe5 b4 23. Qg4 Qe7 24. Rc1 a5 25.
hxg6 hxg6 26. Bf3 Ba6 27. Kg2 Kg7 28. Rh1 Rh8 29. Bd4 Bd3 30. Bxd5 cxd5 31. Be3 Be4+ 32. f3 Bd3 33. Bg5 Rxh1 34. Bf6+ 1-0

[Event "Early-Titled-Tuesday-Blitz-July-09-2024"]
[Site "Chess.com"]
[Date "2024.07.09"]
[Round "4"]
[White "Msb2"]
[Black "FXDon77"]
[Result "1-0"]
[WhiteElo "3107"]
[BlackElo "2859"]
[TimeControl "180+1"]
[EndTime "8:38:42 PDT"]
[Termination "Msb2 won by resignation"]

1. d4 Nf6 2. c4 e6 3. Nc3 Bb4 4. e3 O-O 5. Bd2 d5 6. Nf3 b6 7. cxd5 exd5 8. Rc1 Bb7 9. Bd3 Re8 10. Ne5 Bf8 11. f4 c5 12. g4 Nc6 13. g5 Ne4 14. Nxe4 dxe4 15. Bb5 Nxd4 16. exd4 e3 17.
Bxe3 Bxh1 18. Bxe8 Qxe8 19. dxc5 Bxc5 20. Bxc5 bxc5 21. Kf2 Be4 22. Rxc5 Qe6 23. Qd7 Qb6 24. Qc7 Qxb2+ 25. Ke3 Qb7 26. Qxb7 Bxb7 27. Nxf7 Kxf7 28. Rc7+ Kg6 29. Rxb7 h6 30. h4 hxg5 31. hxg5 a5 32. Kf3 Rc8 33. Rb5 Rc3+ 34. Kg4 Ra3 35. f5+ Kf7 36.
Rb7+ Kf8 37. Kh5 Rxa2 38. Kg6 Rg2 39. Rf7+ Ke8 40. Rxg7 a4 41. Ra7 Ra2 42. f6 a3 43.
f7+ 1-0

[Event "Early-Titled-Tuesday-Blitz-July-09-2024"]
[Site "Chess.com"]
[Date "2024.07.09"]
[Round "4"]
[White "Dmitry_Ponomarev"]
[Black "tptagain"]
[Result "0-1"]
[WhiteElo "2532"]
[BlackElo "3047"]
[TimeControl "180+1"]
[EndTime "8:38:42 PDT"]
[Termination "tptagain won by resignation"]

1. e4 c6 2. d4 d5 3. Nd2 g6 4. exd5 cxd5 5. Ngf3 Bg7 6. c3 Nc6 7.
Bd3 Bf5 8. Nb3 Nf6 9. O-O Bxd3 10. Qxd3 Ne4 11. Nfd2 Nd6 12. Nf3 O-O 13. Bf4 Ne4 14.
Nfd2 Nd6 15. h3 e6 16. Nf3 b6 17. Rfe1 Ne4 18. Nfd2 Nd6 19. Nf3 Rc8 20. Ne5 Ne7 21. Bh2 f6 22. Nf3 Qd7 23. Qe2 Kf7 24. Rad1 Rfe8 25.
Rd3 Nc4 26. Qc2 Nf5 27. Nbd2 b5 28. a3 Nfd6 29. Nb3 Nb7 30. Rdd1 a5 31. Re2 Bf8 32.
Rde1 b4 33. axb4 axb4 34. Nbd2 Nxd2 35. Qxd2 bxc3 36. bxc3 Nd6 37. Qf4 Kg7 38. Qh4 Rxc3 39. Bf4 Nf5 40. Qg4 h5 41. Ne5 fxe5 42. Bxe5+ Kh7 43.
Qf4 Bh6 44. Qh2 Qf7 45. g4 Nh4 46. Qg2 Nxg2 47. Kxg2 0-1

[Event "Early-Titled-Tuesday-Blitz-July-09-2024"]
[Site "Chess.com"]
[Date "2024.07.09"]
[Round "4"]
[White "Noki102"]
[Black "stollenmonster"]
[Result "1-0"]
[WhiteElo "2536"]
[BlackElo "2868"]
[TimeControl "180+1"]
[EndTime "8:38:42 PDT"]
[Termination "Noki102 won by resignation"]

1. Nc3 c5 2. e4 Nc6 3. Bc4 g6 4. d3 Bg7 5. Nge2 e6 6. O-O Nge7 7. Bf4 d5 8. Bb5 O-O 9. Qe1 Nd4 10. Nxd4 cxd4 11. Nd1 Qb6 12. Ba4 e5 13. Bg5 f6 14.
Bd2 Be6 15. Bb4 Rf7 16. Bb3 dxe4 17. dxe4 a5 18. Bxa5 Qc6 19. Bxe6 Qxe6 20. Bd2 Rxa2 21. Rxa2 Qxa2 22. Qe2 f5 23. f3 Nc6 24. Qd3 Bf8 25. b3 Bb4 26. Nf2 Qb2 27. Bxb4 Nxb4 28. Qc4 Nxc2 29. Nd3 Qc3 30. Nxe5 Qxc4 31. bxc4 Ne3 32. Nxf7 Nxf1 33. Kxf1 Kxf7 34. exf5 gxf5 35. Ke2 Ke6 36. f4 Kd6 37. Kd3 Kc5 38. h3 h6 39. g4 fxg4 40.
hxg4 b6 41. f5 Kd6 42. Kxd4 Ke7 43. Ke5 Kf7 44. f6 Kg6 45. Ke6 Kg5 46. f7 Kxg4 47. f8=Q h5 48. Qf5+ Kg3 49. Qxh5 1-0

[Event "Early-Titled-Tuesday-Blitz-July-09-2024"]
[Site "Chess.com"]
[Date "2024.07.09"]
[Round "4"]
[White "Os55555"]
[Black "pinelone"]
[Result "1-0"]
[WhiteElo "2294"]
[BlackElo "2391"]
[TimeControl "180+1"]
[EndTime "8:38:43 PDT"]
[Termination "Os55555 won on time"]

1. b3 d5 2. e3 e5 3. Bb2 Bd6 4. g3 Nf6 5. Bg2 O-O 6. Ne2 c6 7.
O-O Re8 8. d3 Nbd7 9. c4 Bf8 10.
Nbc3 dxc4 11. bxc4 Nc5 12. d4 exd4 13. Nxd4 Bg4 14.
Qc2 Qc8 15. Rfe1 g6 16. Rab1 Bg7 17. Ba3 Ne6 18. Nce2 Nxd4 19. Nxd4 Bd7 20. Qb3 Rb8 21. Bd6 Ra8 22. Qxb7 c5 23. Qxa8 cxd4 24. Qxc8 Rxc8 25. Rb8 d3 26. Rxc8+ Bxc8 27. Be5 Ba6 28. c5 Ng4 29. Bxg7 Kxg7 30. Rd1 Ne5 31. c6 Kf6 32. f4 Ng4 33.
c7 Nxe3 34. Rxd3 Nxg2 35. Kxg2 Ke7 36. Rd8 1-0

[Event "Early-Titled-Tuesday-Blitz-July-09-2024"]
[Site "Chess.com"]
[Date "2024.07.09"]
[Round "4"]
[White "Matols"]
[Black "eltenedor"]
[Result "1-0"]
[WhiteElo "2351"]
[BlackElo "2144"]
[TimeControl "180+1"]
[EndTime "8:38:43 PDT"]
[Termination "Matols won by resignation"]

1. d4 b6 2. c4 Bb7 3. Nc3 e6 4. a3 g6 5. Nf3 Bg7 6. g3 d6 7. Bg2 Ne7 8. O-O O-O 9. Bg5 h6 10.
Bf4 Nd7 11. Qd2 Kh7 12. e4 e5 13. Be3 Nf6 14. d5 Ng4 15. b4 f5 16. Rac1 f4 17. gxf4 Nxe3 18. fxe3 Ng8 19. c5 bxc5 20. bxc5 Ba6 21.
Rf2 dxc5 22. Nxe5 Bxe5 23. fxe5 Rxf2 24. Qxf2 Qe7 25. d6 Qxe5 26. Qf7+ Qg7 27. Qxg7+ Kxg7 28. dxc7 Rc8 29. Nd5 c4 30. Bh3 Re8 31. Rb1 c3 32. Nxc3 Bc8 33. Bxc8 Rxc8 34. Nd5 Ne7 35. Nxe7 Rxc7 36.
Nd5 Rc2 37. Rb7+ 1-0

[Event "Early-Titled-Tuesday-Blitz-July-09-2024"]
[Site "Chess.com"]
[Date "2024.07.09"]
[Round "4"]
[White "mwpchess"]
[Black "Naruto75_3"]
[Result "1-0"]
[WhiteElo "2761"]
[BlackElo "2543"]
[TimeControl "180+1"]
[EndTime "8:38:46 PDT"]
[Termination "mwpchess won by resignation"]

1. e4 c5 2. Be2 d5 3. d3 Nc6 4. f4 g6 5. Nf3 Bg7 6. c3 Nf6 7.
e5 Nd7 8. d4 O-O 9. Be3 cxd4 10. cxd4 f6 11. O-O Qb6 12. Qd2 e6 13. Nc3 a6 14.
Rac1 Rf7 15. exf6 Nxf6 16. Ne5 Rf8 17. Na4 Qd8 18. Nxc6 bxc6 19. Nc5 Qe7 20. Bd3 Nd7 21. b4 Nf6 22. h3 Nh5 23. Qe1 Rb8 24. g4 Nf6 25. Bf2 Ne8 26. Kg2 Nd6 27. a3 Rxf4 28. Bh4 Rxf1 29. Bxf1 Qe8 30. Bg3 Bf8 31. Rc3 Ra8 32. Rf3 a5 33. bxa5 Qd8 34. h4 Ne4 35. Nxe4 dxe4 36. Qxe4 Rxa5 37. h5 Qd5 38. Qf4 Qxf3+ 39.
Qxf3 Rxa3 40. Qxc6 Ra2+ 41. Kh3 gxh5 42. Qxc8 hxg4+ 43. Kxg4 Kf7 44. Bc4 1-0

[Event "Early-Titled-Tuesday-Blitz-July-09-2024"]
[Site "Chess.com"]
[Date "2024.07.09"]
[Round "4"]
[White "ShimogaTactician"]
[Black "SuanTiltado"]
[Result "0-1"]
[WhiteElo "2524"]
[BlackElo "2373"]
[TimeControl "180+1"]
[EndTime "8:38:47 PDT"]
[Termination "SuanTiltado won by resignation"]

1. Nf3 Nf6 2. c4 e6 3. Nc3 d5 4. d4 a5 5. Bg5 c6 6. cxd5 exd5 7.
Qc2 Be7 8. e3 O-O 9. Bd3 Nbd7 10.
h3 h6 11. Bf4 Re8 12. Ne5 Nxe5 13. dxe5 Nd7 14. Bh2 Bh4 15. g3 Be7 16. f4 Nc5 17.
Bh7+ Kh8 18. O-O-O Bxh3 19. Bf5 Bxf5 20. Qxf5 Kg8 21. g4 a4 22. g5 g6 23. Qc2 h5 24.
f5 Kh7 25. f6 Bf8 26. Bf4 Kg8 27. Rxh5 gxh5 28. g6 Qd7 29. gxf7+ Qxf7 30. Rg1+ Kh8 31.
Qf5 Ne6 32. Rh1 Ng7 33. Qg5 Kg8 34. e4 dxe4 35. Nxe4 Qc4+ 36. Kb1 Qxe4+ 37. Kc1 Qxh1+ 38. Kd2 Qd5+ 39. Ke3 Rad8 40. f7+ Kxf7 41. Qf6+ Kg8 42. Qd6 Qxd6 0-1

[Event "Early-Titled-Tuesday-Blitz-July-09-2024"]
[Site "Chess.com"]
[Date "2024.07.09"]
[Round "4"]
[White "JJDAREK"]
[Black "MVM2008"]
[Result "0-1"]
[WhiteElo "2343"]
[BlackElo "2529"]
[TimeControl "180+1"]
[EndTime "8:38:48 PDT"]
[Termination "MVM2008 won by checkmate"]

1. Nf3 Nc6 2. d4 Nf6 3. c4 g6 4. Nc3 Bg7 5. d5 Nb8 6. e4 d6 7.
Be2 O-O 8. O-O Bg4 9. h3 Bxf3 10. Bxf3 e5 11. Be3 Nbd7 12. b4 Ne8 13. Be2 f5 14.
f3 f4 15. Bf2 g5 16. c5 h5 17. c6 bxc6 18. dxc6 Ndf6 19. b5 Qe7 20. Nd5 Nxd5 21.
Qxd5+ Kh8 22. Rfc1 Bh6 23. Kf1 Nf6 24. Qd3 g4 25. hxg4 hxg4 26. Ke1 d5 27. exd5 e4 28. fxe4 Nxe4 29. Bd4+ Kg8 30. Rc4 f3 31. gxf3 gxf3 32. Bxf3 Nd2+ 33. Be2 Rf1# 0-1

[Event "Early-Titled-Tuesday-Blitz-July-09-2024"]
[Site "Chess.com"]
[Date "2024.07.09"]
[Round "4"]
[White "RedFirePanda"]
[Black "LewAnatol"]
[Result "1-0"]
[WhiteElo "2467"]
[BlackElo "2178"]
[TimeControl "180+1"]
[EndTime "8:38:49 PDT"]
[Termination "RedFirePanda won on time"]

1. d4 d5 2. Bf4 c5 3. c3 Qb6 4. Qb3 e6 5. e3 c4 6. Qc2 Nf6 7. Nd2 Bd6 8. Bg3 Bxg3 9. hxg3 Qc6 10. Ngf3 Nbd7 11. Be2 b5 12. a4 a6 13. O-O Rb8 14.
b3 O-O 15. Rfb1 Ne8 16. e4 Nd6 17. e5 Ne4 18. Nxe4 dxe4 19. Nd2 cxb3 20. Rxb3 f5 21.
exf6 Nxf6 22. axb5 axb5 23. Rab1 e3 24. fxe3 Ba6 25. c4 Rbc8 26. Qa2 bxc4 27. Rb6 Qc7 28. Rxa6 Qxg3 29. Bf3 Ng4 30. Nf1 1-0

[Event "Early-Titled-Tuesday-Blitz-July-09-2024"]
[Site "Chess.com"]
[Date "2024.07.09"]
[Round "4"]
[White "Evan_Attaker"]
[Black "esskeettit"]
[Result "1-0"]
[WhiteElo "2744"]
[BlackElo "2535"]
[TimeControl "180+1"]
[EndTime "8:38:50 PDT"]
[Termination "Evan_Attaker won by resignation"]

1. a3 d5 2. Nf3 Nf6 3. c4 e6 4.
e3 Be7 5. b3 O-O 6. Bb2 c5 7. Be2 Nc6 8. d3 b6 9. O-O Bb7 10.
Nbd2 Nd7 11. Qc2 Bf6 12. Rac1 Bxb2 13. Qxb2 Qf6 14. Qc2 Nde5 15. Rfe1 dxc4 16. Nxc4 Rfd8 17. Red1 Rd7 18. Ncxe5 Nxe5 19. Nxe5 Qxe5 20. b4 cxb4 21. axb4 h5 22. d4 Qg5 23. Bf1 h4 24. h3 Rad8 25. b5 Qh5 26. Ra1 e5 27. Rxa7 exd4 28. Rxd4 Rxd4 29. exd4 Qd5 30. Qc7 Rd7 31. Qxb6 Re7 32. Qc5 Qe4 33. b6 g6 34. Ra3 Qb1 35. Qxe7 1-0

[Event "Early-Titled-Tuesday-Blitz-July-09-2024"]
[Site "Chess.com"]
[Date "2024.07.09"]
[Round "4"]
[White "ljuks68"]
[Black "PedroGil25"]
[Result "0-1"]
[WhiteElo "2402"]
[BlackElo "2626"]
[TimeControl "180+1"]
[EndTime "8:38:51 PDT"]
[Termination "PedroGil25 won by resignation"]

1. e4 c5 2. Nf3 e6 3. d4 cxd4 4. Nxd4 a6 5. Bd3 Bc5 6. Nb3 Ba7 7. c4 Nf6 8. Nc3 Qc7 9. O-O d6 10. Bg5 Nbd7 11. Rc1 O-O 12. Qd2 Ne5 13. Bxf6 gxf6 14.
Kh1 Bd7 15. f4 Nxd3 16. Qxd3 Rac8 17. Ne2 Kh8 18. Ng3 Bc6 19. f5 Qe7 20. Nd4 Bd7 21. Nc2 Rg8 22. Ne3 Rg5 23. Rfd1 Bc5 24. Nef1 Rcg8 25. a3 a5 26. Nd2 a4 27. Nf3 Rg4 28.
Nd4 e5 29. Nc2 Bc6 30. Ne3 Rxg3 31. hxg3 Qf8 32. Kg1 Rxg3 33. Re1 Qh6 0-1

[Event "Early-Titled-Tuesday-Blitz-July-09-2024"]
[Site "Chess.com"]
[Date "2024.07.09"]
[Round "4"]
[White "Ykow"]
[Black "IC3S2"]
[Result "0-1"]
[WhiteElo "2734"]
[BlackElo "2551"]
[TimeControl "180+1"]
[EndTime "8:38:52 PDT"]
[Termination "IC3S2 won by resignation"]

1. e4 e5 2. Nf3 Nc6 3. Bc4 Nf6 4. d3 h6 5. a4 d6 6. h3 g5 7. Nc3 Bg7 8. Be3 a6 9. Qd2 Be6 10. Bxe6 fxe6 11. d4 exd4 12. Nxd4 Nxd4 13. Qxd4 Qd7 14.
e5 Ng8 15. Qe4 Bxe5 16. Qxb7 Qc8 17. Qc6+ Kd8 18. O-O-O Ne7 19. Qe4 Bxc3 20. bxc3 Rb8 21. h4 gxh4 22. Rxh4 Nf5 23. Rxh6 Nxh6 24. Bxh6 Rxh6 25.
Qf4 Rh7 26. Qg4 Re7 27. c4 Qb7 28. Rd3 Qb2+ 29. Kd2 Qb4+ 30. Kd1 Qxa4 31. Rh3 Kd7 0-1

[Event "Early-Titled-Tuesday-Blitz-July-09-2024"]
[Site "Chess.com"]
[Date "2024.07.09"]
[Round "4"]
[White "lindsay790"]
[Black "KorolDimitriy75"]
[Result "0-1"]
[WhiteElo "2128"]
[BlackElo "2391"]
[TimeControl "180+1"]
[EndTime "8:38:54 PDT"]
[Termination "KorolDimitriy75 won by checkmate"]

1. e4 c5 2. Nf3 d6 3. d4 cxd4 4. Nxd4 Nf6 5. Nc3 g6 6. f3 Bg7 7. Be3 O-O 8. Qd2 Nc6 9. Bc4 Bd7 10. O-O-O Qa5 11. Bb3 Rfc8 12. g4 Ne5 13. h4 b5 14.
h5 Nc4 15. Bxc4 bxc4 16. hxg6 fxg6 17. g5 Nh5 18. Rxh5 gxh5 19. Qh2 Rab8 20. Qxh5 Rxb2 21. Nd5 c3 22. Nxe7+ Kf8 23. Nxc8 Qa3 24. Nb5 Rb1+ 25. Kxb1 Qb2# 0-1

[Event "Early-Titled-Tuesday-Blitz-July-09-2024"]
[Site "Chess.com"]
[Date "2024.07.09"]
[Round "4"]
[White "sirinbaba33"]
[Black "AlexandraSamaganova"]
[Result "1-0"]
[WhiteElo "2567"]
[BlackElo "2367"]
[TimeControl "180+1"]
[EndTime "8:38:55 PDT"]
[Termination "sirinbaba33 won on time"]

1. e4 c5 2. Nf3 e6 3. d4 cxd4 4.
Nxd4 a6 5. Bd3 Qc7 6. O-O Nf6 7.
Qe2 d6 8. c4 Be7 9. Nc3 O-O 10.
f4 Nbd7 11. f5 e5 12. Nc2 b6 13. g4 Bb7 14. g5 Ne8 15. Nb4 Qc5+ 16. Be3 Qxb4 17.
Rfb1 d5 18. cxd5 Bc5 19. Nd1 Bxe3+ 20. Nxe3 Qe7 21. f6 gxf6 22. gxf6 Nexf6 23. Kh1 Kh8 24. Nf5 Qb4 25. Rf1 Nc5 26. a3 Qa4 27. Nd6 Nxd3 28.
Qxd3 Qd7 29. Rxf6 b5 30. Raf1 Rab8 31. Nxf7+ 1-0